Map: Solaris LE

Players

Twerpie

  • Race: Terran Terran
  • League: Diamond
  • Spawn Location: 7:00

SubN - Winner!

  • Race: Zerg Zerg
  • League: Diamond
  • Spawn Location: 1:00

VOD

Have the link to the VOD?

Description

Time

  • Played on: Jan. 22, 2024, 12:58 p.m.
  • Length: 10:13
Show
View Real Time Build Order
Export as new Build Order

Twerpie Terran 

Build Orders: 2 Factory 

Get SALT Encoding   

  12  0:01  SCV  
  13  0:13  SCV  
  14  0:20  Supply Depot  
  14  0:25  SCV  
  15  0:32  Refinery  
  15  0:43  Barracks  
  15  0:46  SCV  
  16  0:52  Refinery  
  16  0:58  SCV  
  17  1:10  SCV  
  18  1:23  SCV  
  19  1:34  Factory  
  19  1:35  SCV  
  20  1:46  Factory  
  20  1:47  SCV  
  21  1:54  Barracks Reactor  
  21  1:59  SCV  
  22  2:10  Supply Depot  
  22  2:11  SCV  
  23  2:30  Command Center  
  23  2:37  Factory Tech Lab  
  23  2:42  Orbital Command  
  23  3:10  Starport, Engineering Bay, SCV  
  24  3:15  Supply Depot  
  24  3:17  Stimpack  
  24  3:20  Marine  
  24  3:23  SCV  
  26  3:35  SCV  
  27  3:41  Orbital Command  
  27  3:47  Starport Reactor  
  27  3:50  SCV  
  28  4:00  Orbital Command  
  28  4:02  SCV  
  29  4:06  Terran Infantry Weapons Level 1  
  29  4:08  Barracks  
  29  4:17  Hellion, Widow Mine  
  33  4:18  SCV  
  34  4:26  Barracks  
  34  4:28  Barracks  
  34  4:32  SCV x2  
  36  4:41  Bunker  
  36  4:44  SCV x2, Medivac x2  
  42  4:55  Barracks  
  42  4:56  SCV x2  
  44  5:02  Barracks  
  44  5:04  Combat Shield  
  44  5:08  SCV x2  
  44  5:10  Barracks Reactor  
  46  5:20  Barracks Tech Lab, SCV x2  
  48  5:24  Barracks Tech Lab  
  48  5:25  Armory  
  48  5:32  SCV  
  48  5:33  SCV  
  50  5:40  Factory Tech Lab  
  50  5:44  Supply Depot, SCV  
  50  5:45  Barracks Reactor, SCV  
  50  5:46  Supply Depot  
  52  5:50  Barracks Reactor  
  52  5:51  Marine  
  52  5:56  SCV  
  52  5:57  Supply Depot  
  54  6:00  Terran Infantry Armor Level 1, Concussive Shells  
  54  6:01  Supply Depot  
  54  6:03  Infernal Pre-Igniter  
  54  6:05  Marine x2  
  54  6:06  Marine, SCV  
  54  6:09  SCV  
  54  6:11  Refinery x2  
  59  6:18  SCV  
  60  6:21  SCV  
  60  6:23  Command Center  
  61  6:27  Supply Depot  
  61  6:30  SCV  
  62  6:40  Marine x2  
  62  6:41  Marauder  
  62  6:42  Marauder x2, Marine  
  62  6:46  SCV x2  
  73  6:58  SCV  
  73  6:59  SCV  
  75  7:10  SCV  
  75  7:11  SCV  
  75  7:14  Marauder x2, Marine  
  75  7:15  Marauder, Marine x4  
  86  7:16  Marine  
  90  7:22  SCV  
  90  7:23  SCV  
  90  7:25  Supply Depot  
  90  7:26  Supply Depot  
  90  7:27  Supply Depot  
  91  7:32  Marine  
  91  7:33  Marine  
  91  7:34  Marine  
  91  7:35  SCV  
  91  7:36  Marauder x2, SCV  
  100  7:44  Marauder  
  102  7:47  Supply Depot, SCV  
  102  7:49  SCV  
  102  7:50  Supply Depot  
  104  7:57  Marauder, Planetary Fortress  
  106  7:59  Hellbat x2, SCV  
  106  8:01  Marauder, SCV  
  114  8:06  Marauder  
  114  8:07  Marine  
  117  8:17  Marine x3  
  117  8:18  Marauder  
  122  8:20  Hellbat x2  
  122  8:22  Marauder  
  128  8:27  Marauder  
  113  8:40  Marauder, Marine x3  
  115  8:42  Hellbat x2  
  115  8:43  Marauder  
  121  8:49  Marauder, Marine x2  
  125  8:57  Marine  
  125  8:58  Marine x3  
  125  9:01  Marauder  
  131  9:03  Hellbat  
  131  9:09  Supply Depot  
  133  9:11  Supply Depot  
  133  9:22  Marine  
  134  9:30  Marine x3  
  134  9:31  Marauder x3, Hellbat  
  87  9:43  Marine x3  
  82  9:48  Marine x2  
Show
View Real Time Build Order
Export as new Build Order

SubN Zerg - Winner!

Build Orders: Pool First 

Get SALT Encoding   

  12  0:00  Drone  
  13  0:12  Overlord  
  13  0:16  Drone  
  14  0:30  Drone x2  
  14  0:34  Drone  
  17  0:46  Spawning Pool  
  16  1:06  Hatchery  
  16  1:11  Drone  
  16  1:14  Drone  
  16  1:16  Drone  
  18  1:23  Overlord  
  18  1:31  Extractor  
  17  1:35  Queen  
  19  1:41  Drone  
  19  1:43  Drone  
  21  1:55  Zergling x2  
  22  2:06  Zergling x2  
  23  2:20  Drone x2  
  23  2:21  Queen  
  27  2:23  Queen  
  29  2:30  Drone x2  
  29  2:34  Metabolic Boost  
  31  2:39  Overlord  
  31  2:43  Drone  
  32  2:51  Drone x4  
  36  3:05  Queen  
  38  3:07  Queen  
  38  3:08  Overlord  
  40  3:16  Drone x3  
  43  3:32  Hatchery  
  42  3:41  Pneumatized Carapace  
  42  3:51  Zergling x4  
  42  3:52  Zergling x14  
  51  4:02  Roach Warren  
  50  4:08  Lair  
  50  4:16  Overlord x4  
  50  4:19  Overlord  
  50  4:35  Drone x5  
  55  4:39  Drone  
  55  4:42  Drone x5  
  55  4:45  Extractor  
  60  4:46  Extractor  
  60  4:50  Drone x2  
  60  4:51  Queen  
  63  5:05  Drone x2  
  68  5:07  Drone x3  
  68  5:13  Glial Reconstitution  
  68  5:15  Drone x2  
  68  5:20  Evolution Chamber  
  69  5:22  Drone, Evolution Chamber  
  69  5:25  Baneling Nest  
  69  5:26  Drone x3  
  69  5:27  Drone x2  
  73  5:32  Drone  
  73  5:35  Overseer  
  74  5:40  Overlord  
  74  5:44  Queen  
  74  5:48  Drone x7  
  83  5:51  Overlord  
  83  5:53  Overlord  
  83  6:00  Drone  
  83  6:01  Spire  
  83  6:03  Drone, Extractor  
  83  6:04  Drone  
  84  6:05  Drone  
  84  6:09  Centrifugal Hooks  
  85  6:12  Baneling  
  85  6:13  Baneling x3  
  85  6:14  Baneling  
  85  6:23  Overseer  
  85  6:26  Roach  
  85  6:27  Overlord  
  85  6:28  Overlord x2  
  87  6:37  Zerg Melee Weapons Level 1  
  86  6:42  Drone x2  
  86  6:44  Extractor  
  86  6:46  Extractor  
  86  6:56  Infestation Pit  
  85  7:02  Zergling x28, Spore Crawler  
  85  7:03  Zergling x6  
  85  7:05  Baneling x8  
  85  7:06  Baneling  
  101  7:10  Drone  
  101  7:14  Drone  
  103  7:16  Queen  
  103  7:19  Drone x2  
  103  7:20  Drone x2  
  103  7:21  Drone  
  110  7:24  Zerg Flyer Weapons Level 1  
  110  7:27  Overlord  
  110  7:28  Overlord  
  110  7:40  Infestor  
  110  7:41  Infestor  
  114  7:49  Hive  
  114  7:54  Hatchery  
  113  7:59  Drone x2  
  113  8:00  Zergling x22  
  113  8:05  Zerg Ground Armor Level 1  
  118  8:40  Infestor x2  
  118  8:41  Infestor  
  117  8:43  Zergling x2  
  117  8:44  Zergling x20  
  117  8:47  Baneling x3  
  117  8:48  Baneling x11  
  126  9:00  Zergling x2  
  126  9:01  Zergling x8  
  131  9:06  Mutalisk  
  133  9:12  Queen  
  135  9:17  Roach  
  135  9:18  Roach x5  
  107  9:43  Zergling x8  
  107  9:44  Zergling x22  
  111  9:52  Zergling x2  
Tags
 
Add a new tag
Caveats
  • Supply blocks, unpowered buildings, or Contaminate may cause inaccurate times.
  • Supply counts are checked every 10 seconds.